 Dungeon Crawl Stone Soup version 0.22-a0-422-g9628fc8 (webtiles) character file.

44 Mgcat the Skirmisher (level 3, 0/33 HPs)
             Began as a Draconian Fighter on May 20, 2018.
             Slain by a worm (12 damage)
             ... on level 2 of the Dungeon.
             The game lasted 00:02:54 (915 turns).

Mgcat the Skirmisher (Draconian Fighter)             Turns: 915, Time: 00:02:55

Health: 0/33       AC:  5    Str: 19    XL:     3   Next: 39%
Magic:  3/3        EV: 10    Int:  8    God:
Gold:   109        SH:  9    Dex: 10    Spells: 2/2 levels left

rFire    . . .     SeeInvis .   a - +0 flail
rCold    . . .     Gourm    .   b - +0 shield
rNeg     . . .     Faith    .   (armour unavailable)
rPois    .         Spirit   .   (helmet restricted)
rElec    .         Reflect  .   (no cloak)
rCorr    .         Harm     .   (no gloves)
MR       .....                  (no boots)
Stlth    +.........             (no amulet)
HPRegen  0.11/turn              (no ring)
MPRegen  0.08/turn              (no ring)

@: no status effects
A: unfitting armour, cold-blooded, AC +5
a: no special abilities


You were on level 2 of the Dungeon.
You were not hungry.

You visited 1 branch of the dungeon, and saw 2 of its levels.

You collected 109 gold pieces.

Inventory:

Hand Weapons
 a - a +0 flail (weapon)
Armour
 b - a +0 shield (worn)
Scrolls
 e - 2 scrolls of teleportation {unknown}
 f - a scroll of random uselessness {unknown}
 i - a scroll of magic mapping {unknown}
 j - a scroll of noise {unknown}
Potions
 c - a potion of might
 g - a potion of cancellation {unknown}
 h - a potion of degeneration {unknown}
Comestibles
 d - 3 rations
 k - 5 chunks of flesh {@w0}


   Skills:
 + Level 4.2 Fighting
 + Level 3.0 Maces & Flails
 - Level 2.6 Dodging
 - Level 3.0 Shields


You had 2 spell levels left.
You didn't know any spells.
Your spell library contained the following spells:

 Spells                   Type           Power        Failure   Level  Hunger
 Confuse                  Hex            #.......     99%         3    ####...
 Confusing Touch          Hex            #.....       90%         1    ##.....
 Metabolic Englaciation   Hex/Ice        #.........   100%        5    ######.
 Petrify                  Tmut/Erth      #.......     100%        4    #####..
 Gell's Gravitas          Tloc           #.........   99%         3    ####...
 Yara's Violent Unravell  Hex/Tmut       #.........   100%        5    ######.


Dungeon Overview and Level Annotations

Branches:
Dungeon (2/15)

Altars:


Innate Abilities, Weirdness & Mutations

Your plain brown scales are hard. (AC +5)
You cannot fit into any form of body armour.
You are cold-blooded and may be slowed by cold attacks.


Message History

You kill the dart slug!
Your Maces & Flails skill increases to level 3!
The bat closely misses you.
You hit the bat.
Your tail-slap misses the bat.
The bat is severely wounded.
You block the bat's attack.
You miss the bat.
The bat is severely wounded.
The bat hits you but does no damage.
You barely miss the bat.
Your tail-slap misses the bat.
The bat is severely wounded.
The bat hits you but does no damage. You block the bat's attack.
You closely miss the bat.
Your tail-slap misses the bat.
The bat is severely wounded.
You block the bat's attack.
A rat comes into view.
The bat hits you but does no damage.
You closely miss the bat.
The bat is severely wounded.
The bat closely misses you. The bat hits you. You block the bat's attack.
You hit the bat.
You kill the bat!
No target in view!
No target in view!
You butcher the giant cockroach corpse.
k - 3 chunks of flesh {@w0} (gained 1)
The rat is too close now for your liking.
You see here a bat corpse.
A rat is nearby!
A rat is nearby!
No target in view!
No target in view!
No target in view!
You butcher the bat corpse.
k - 4 chunks of flesh {@w0} (gained 1)
The rat is too close now for your liking.
The rat barely misses you.
You closely miss the rat.
You kill the rat!
No target in view!
No target in view!
No target in view!
You butcher the dart slug corpse.
k - 5 chunks of flesh {@w0} (gained 1)
A worm comes into view.
A worm is nearby!
You completely miss the worm. You block the worm's attack.
You hit the worm.
The worm is lightly wounded.
You hit the worm.
The worm is moderately wounded.
You block the worm's attack.
You hit the worm but do no damage.
You tail-slap the worm, but do no damage.
The worm is moderately wounded.
The worm bites you!
You are too injured to fight recklessly!
You are too injured to fight recklessly!
You are too injured to fight recklessly!
You are too injured to fight recklessly!
You are too injured to fight recklessly!
You hit the worm but do no damage.
The worm is lightly wounded.
The worm barely misses you.
You sock the worm! You tail-slap the worm.
The worm is severely wounded.
You block the worm's attack.
You hit the worm.
The worm is severely wounded.
You sock the worm!
You kill the worm!
A worm comes into view.
You see here a worm corpse.
You see here a club.
You hit the worm but do no damage. You tail-slap the worm.
The worm is lightly wounded.
The worm barely misses you.
You hit the worm.
The worm is lightly wounded.
The worm closely misses you.
You hit the worm. You tail-slap the worm.
The worm is heavily wounded.
You block the worm's attack.
You hit the worm.
The worm is severely wounded.
The worm bites you.
You barely miss the worm.
The worm is heavily wounded.
Your shield prevents you from hitting the worm.
The worm is heavily wounded.
The worm closely misses you.
You barely miss the worm.
Your tail-slap misses the worm.
The worm is heavily wounded.
The worm bites you.
You hit the worm.
The worm is heavily wounded.
The worm bites you!
You die...

###### #....#
#....#
#.####....###.#.
#.[..†.)@w......
#########..........
.....####....####.#
..........##.#
..........##+###
...............#
...............#
...............#
#######........#


You could see a worm.

Vanquished Creatures
  An ooze (D:1)
  A worm (D:2)
  4 dart slugs
  2 bats
  A giant cockroach (D:2)
  2 goblins (D:1)
  9 hobgoblins
  3 kobolds
  2 rats
25 creatures vanquished.

Notes
Turn   | Place    | Note
-------+----------+-------------------------------------------
     0 | D:1      | Mgcat the Draconian Fighter began the quest for the Orb.
     0 | D:1      | Reached XP level 1. HP: 19/19 MP: 1/1
   143 | D:1      | Reached XP level 2. HP: 26/26 MP: 2/2
   400 | D:1      | Reached skill level 4 in Fighting
   535 | D:1      | Reached XP level 3. HP: 33/33 MP: 3/3
   867 | D:2      | Reached skill level 3 in Maces & Flails
   915 | D:2      | Slain by a worm

Vault maps used:
D:1:      elethiomel_arrival_infinity_welcomes_careful_drivers,
          minmay_tromino_mix6

Skill      XL: |  1  2  3 |
---------------+----------+-----
Fighting       | 4 |  4.2
Maces & Flails | 3 |  3.0
Dodging        | |  2.6
Shields        | |  3.0

Action                   || total
-------------------------++-------
Melee: Flail             ||    77
       Tailslap          ||    12
 Stab: Sleeping          ||     1
Armor: Skin              ||    12
Dodge: Dodged            ||    34
Block: Shield            ||    33

Table legend:
 A = Spawn XP
 B = Non-spawn XP
 C = Spawn XP percentage of total XP
 D = Spawn monster count
 E = Non-spawn monster count
 F = Spawn count percentage of total count
 G = Total turns spent on level
                    A         B        C        D         E        F      G
               +---------+---------+-------+---------+---------+-------+---------
         Total |       0 |      63 |   0.0 |       0 |      25 |   0.0 |   915
               +---------+---------+-------+---------+---------+-------+---------
           D:1 |       0 |      41 |   0.0 |       0 |      17 |   0.0 |   773
           D:2 |       0 |      22 |   0.0 |       0 |       8 |   0.0 |   142
               +---------+---------+-------+---------+---------+-------+---------

Vault maps used:
D:1:      elethiomel_arrival_infinity_welcomes_careful_drivers,
          minmay_tromino_mix6

Table legend:
 A = Turns spent in this place as a percentage of turns spent in the entire game.
 B = Non-inter-level travel turns spent in this place as a percentage of non-inter-level travel turns spent in the entire game.
 C = Inter-level travel turns spent in this place as a percentage of turns spent in this place.
 D = Turns resting spent in this place as a percentage of non-inter-level travel turns spent in this place.
 E = Turns spent auto-exploring this place as a percentage of non-inter-level travel turns spent in this place.
 F = Non-inter-level travel turns spent in this place divided by the number of levels of this place that you've seen.
                   A       B       C       D       E      F
               +-------+-------+-------+-------+-------+----------------------
         Total | 100.0 | 100.0 |   3.9 |   0.0 |  82.3 | 439.5
       Dungeon | 100.0 | 100.0 |   3.9 |   0.0 |  82.3 | 439.5
               +-------+-------+-------+-------+-------+----------------------

Table legend:
 A = Kills in this place as a percentage of kills in entire the game.
 B = Kills by you in this place as a percentage of kills by you in the entire game.
 C = Kills by friends in this place as a percentage of kills by friends in the entire game.
 D = Other kills in this place as a percentage of other kills in the entire game.
 E = Experience gained in this place as a percentage of experience gained in the entire game.
 F = Experience gained in this place divided by the number of levels of this place that you have seen.
                   A       B       C       D       E      F
               +-------+-------+-------+-------+-------+----------------------
         Total | 100.0 | 100.0 |   N/A |   N/A | 100.0 |  31.5
       Dungeon | 100.0 | 100.0 |   N/A |   N/A | 100.0 |  31.5
               +-------+-------+-------+-------+-------+----------------------
